 Dungeon Crawl Stone Soup version 0.31.0-11-ge490571c62 (webtiles) character file.

Game seed: 3027112003353686347

800 ces the Skirmisher (level 7, -8/34 HPs)
             Began as a Spriggan Hunter on Feb 4, 2024.
             Was an Initiate of Nemelex Xobeh.
             Mangled by a killer bee (9 damage)
             ... on level 5 of the Dungeon.
             The game lasted 00:12:06 (4550 turns).

ces the Skirmisher (Spriggan Hunter)                Turns: 4550, Time: 00:12:07

Health: -8/34      AC:  2    Str:  7    XL:     7   Next: 59%
Magic:  8/9        EV: 18    Int: 10    God:    Nemelex Xobeh [......]
Gold:   305        SH:  0    Dex: 21    Spells: 6/6 levels left

rFire   . . .        a - +0 shortbow
rCold   . . .        (shield currently unavailable)
rNeg    . . .        c - +0 robe
rPois   .            (helmet restricted)
rElec   .            (no cloak)
rCorr   .            (gloves unavailable)
SInv    +            (boots unavailable)
Will    +....        (no amulet)
Stlth   ++           (no ring)
HPRegen 0.25/turn    (no ring)
MPRegen 0.11/turn

%: no passive effects
@: mighty, lethally poisoned (-8 -> -14), attractive, very quick
A: very small, no large weapons, unfitting armour, see invisible, speed 3
a: Renounce Religion, Draw Escape, Draw Destruction, Draw Summoning


You were on level 5 of the Dungeon.
You worshipped Nemelex Xobeh.
Nemelex Xobeh was noncommittal.
You visited 2 branches of the dungeon, and saw 6 of its levels.

You collected 305 gold pieces.

Inventory:

Hand Weapons
 a - a +0 shortbow (weapon)
 m - a +0 orcbow
Missiles
 j - 2 throwing nets
Armour
 c - a +0 robe (worn)
Jewellery
 h - a ring of poison resistance
Wands
 d - a wand of digging (6)
Scrolls
 f - a scroll of noise {unknown}
 g - a scroll of enchant armour {unknown}
 k - a scroll of teleportation {unknown}
 l - 2 scrolls of fog {unknown}
 o - 2 scrolls of amnesia {unknown}
 q - a scroll of immolation {unknown}
 t - a scroll of identify
Potions
 e - a potion of magic
 i - 2 potions of haste
 r - a potion of ambrosia
 s - a potion of berserk rage {unknown}


   Skills:
 - Level 1.7 Fighting
 * Level 9.2 Ranged Weapons
 - Level 2.9 Dodging
 - Level 1.9 Stealth
 + Level 1.3 Invocations


You had 6 spell levels left.
You didn't know any spells.
Your spell library contained the following spells:

 Spells                   Type           Power      Damage    Failure   Level
 Cigotuvi's Dreadful Rot  Necr/Alch/Air  0%         N/A       50%         2
 Jinxbite                 Hex            0%         N/A       50%         2
 Mercury Vapours          Alch/Air       0%         N/A       50%         2
 Flame Wave               Conj/Fire      0%         2d4       98%         4
 Leda's Liquefaction      Alch/Erth      0%         N/A       98%         4
 Lee's Rapid Deconstruct  Erth           0%         3d4*      100%        5
 Yara's Violent Unravell  Hex/Alch       0%         3d3       100%        5
 Bombard                  Conj/Erth      0%         9d1       100%        6
 Enfeeble                 Hex            0%         N/A       100%        7


Dungeon Overview and Level Annotations

Branches:
Dungeon (5/15)             Temple (1/1) D:5

Altars:
Ashenzari
Cheibriados
Dithmenos
Fedhas
Gozag
Hepliaklqana
Kikubaaqudgha
Makhleb
Nemelex Xobeh
Qazlal
Ru
Sif Muna
Trog
Uskayaw
Vehumet
Wu Jian
Xom
The Shining One

Shops:
D:3 (

Annotations:
D:4 1 runed translucent door, Strat's ghost, novice MfAr


Innate Abilities, Weirdness & Mutations

You are very small and have problems with some larger weapons.
You are too small for most types of armour.
You have supernaturally acute eyesight. (SInv)
You cover ground extremely quickly. (Speed+++)


Message History

The arrow closely misses the orc wizard.
You shoot an arrow.
The arrow closely misses the orc wizard.
The orc wizard points at you and mumbles some strange words.
You resist with almost no effort.
You shoot an arrow. The arrow hits the orc wizard.
The orc wizard is severely wounded.
You shoot an arrow. The arrow barely misses the orc wizard.
You shoot an arrow. The arrow hits the orc wizard!
You kill the orc wizard!
You climb upwards.
Level annotation: 1 runed translucent door, Strat's ghost, novice MfAr The killer bee buzzes angrily.
The killer bee stings you. The killer bee barely misses you.
The quokka closely misses you. The killer bee completely misses you.
The quokka barely misses you.
There is a stone staircase leading down here.
There are monsters nearby!
Okay, then.
The killer bee stings you.
You are poisoned.
The killer bee poisons you! The killer bee stings you!
* * * LOW HITPOINT WARNING * * *
You are lethally poisoned!
The killer bee poisons you! The quokka barely misses you.
You climb downwards.
* * * LOW HITPOINT WARNING * * *
You feel very sick.
There is a stone staircase leading up here.
It was a potion of might.
You feel very mighty all of a sudden.
* * * LOW HITPOINT WARNING * * *
You feel sick. The killer bee barely misses you. The quokka closely misses you.
The killer bee barely misses you. The quokka closely misses you.
It was a potion of attraction.
You feel attractive to monsters.
* * * LOW HITPOINT WARNING * * *
You feel sick. The killer bee stings you!
You die...
Your body disappears without a glow.

#.....# #.#..#.###O#
.#
#..)..###+#..#.....# #
......##.....##..#####
......##.....#.......#
..B.$.......:...####.#
..#.#).........#...#
#.#.#..........#.#.#
#.#.##.........#.#.#
....####...#.Blr@y.#
.... ##......######
....###.............
#...#..##########.
#......# # #....#.#
###....#.# ..#..###.#
..#..###B.


You could see a bombardier beetle, an iguana, a killer bee and a quokka.

Vanquished Creatures
  Menkaure (D:4)
  An ogre (D:5)
  A killer bee (D:3)
  2 bombardier beetles
  5 hounds
  An orc priest (D:4)
  2 sleepcaps
  2 iguanas
  2 orc wizards
  Robin (D:3)
  4 adders
  A ribbon worm (D:3)
  2 dart slugs (D:1)
  5 orcs (D:4)
  8 bats
  4 endoplasms
  A giant cockroach (D:4)
  14 goblins
  16 hobgoblins
  7 jackals
  7 kobolds
  3 quokkas
  7 ball pythons
  6 frilled lizards
  12 rats
115 creatures vanquished.

Notes
Turn   | Place    | Note
-------+----------+-------------------------------------------
     0 | D:1      | ces the Spriggan Hunter began the quest for the Orb.
     0 | D:1      | Reached XP level 1. HP: 10/10 MP: 2/2
    27 | D:1      | Reached XP level 2. HP: 9/15 MP: 3/3
   469 | D:1      | Reached XP level 3. HP: 18/18 MP: 4/4
   639 | D:2      | Reached skill level 5 in Ranged Weapons
  1580 | D:2      | Reached XP level 4. HP: 23/23 MP: 5/5
  1956 | D:3      | Found Athaa's Weapon Boutique.
  2239 | D:3      | Reached skill level 6 in Ranged Weapons
  2422 | D:3      | Noticed Robin
  2423 | D:3      | Reached XP level 5. HP: 26/26 MP: 6/6
  2829 | D:3      | Killed Robin
  2938 | D:3      | Reached skill level 7 in Ranged Weapons
  2949 | D:3      | Reached XP level 6. HP: 29/30 MP: 7/7
  3039 | D:4      | Got the Parchment of Argyropoeia and the Pyre
  3171 | D:4      | Found a runed translucent door.
  3171 | D:4      | Noticed Strat's ghost (novice MfAr)
  3187 | D:4      | Noticed Menkaure
  3193 | D:4      | Killed Menkaure
  3194 | D:4      | Reached skill level 8 in Ranged Weapons
  3194 | D:4      | Reached XP level 7. HP: 16/34 MP: 8/8
  3775 | D:5      | Entered Level 5 of the Dungeon
  3878 | D:5      | Found a staircase to the Ecumenical Temple.
  3893 | Temple   | Entered the Ecumenical Temple
  4104 | Temple   | Became a worshipper of Nemelex Xobeh the Trickster
  4145 | Temple   | Reached skill level 9 in Ranged Weapons
  4404 | D:5      | Reached skill level 1 in Invocations
  4550 | D:5      | HP: 1/34 [poisoned by a killer bee]
  4550 | D:5      | Mangled by a killer bee

Illustrated notes

Levels and vault maps discovered:
D:1:      nicolae_arrival_somewhat_less_tricky_arrival, layout_rooms
D:2:      layout_basic, minmay_small_reverse_x
D:3:      kennysheep_goblin_castle, layout_loops_cross, serial_shops, shop,
          minivault_27
D:4:      layout_gridville, gammafunk_ghost_grave, uniq_menkaure, uniq_pikel
D:5:      layout_basic, lemuel_round_altar, minmay_temple_entry_proselytizer
Temple:   nicolae_temple_bog_church

Skill      XL: |  1  2  3  4  5  6  7 |
---------------+----------------------+-----
Ranged Weapons | 5 6 7 8 9 |  9.2
Invocations    | 1 |  1.3
Fighting       | |  1.7
Dodging        | |  2.9
Stealth        | |  1.9

Action                     |  1- 3 |  4- 6 |  7- 9 || total
---------------------------+-------+-------+-------++-------
   Fire: Shortbow          |   110 |   187 |    98 ||   395
         Orcbow            |    17 |       |       ||    17
    Use: Potion            |     1 |     2 |     2 ||     5
         Scroll            |       |     5 |     2 ||     7
 Armour: Robe              |    17 |    19 |    27 ||    63
  Dodge: Dodged            |    22 |    80 |    47 ||   149
